 Dungeon Crawl Stone Soup version 0.27-a0-1116-g91b3acb402 (webtiles) character file.

Game seed: 13917882634061904862

99 Alarak the Skirmisher (level 4, -2/45 HPs)
             Began as a Hill Orc Monk on May 1, 2021.
             Slain by a sky beast (6 damage)
             ... on level 3 of the Dungeon.
             The game lasted 00:04:01 (3109 turns).

Alarak the Skirmisher (Hill Orc Monk)               Turns: 3109, Time: 00:04:02

Health: -2/45      AC:  9    Str: 14    XL:     4   Next: 72%
Magic:  4/4        EV:  6    Int: 10    God:
Gold:   133        SH:  0    Dex: 13    Spells: 3/3 levels left

rFire    . . .     SeeInvis .   a - +0 hand axe
rCold    . . .     Faith    .   (no shield)
rNeg     . . .     Spirit   .   h - +0 chain mail
rPois    .         Reflect  .   j - +0 hat
rElec    .         Harm     .   (no cloak)
rCorr    .         Rampage  .   d - +0 pair of gloves
Will     .....                  (no boots)
Stlth    ..........             (no amulet)
HPRegen  0.15/turn              (no ring)
MPRegen  0.09/turn              (no ring)

@: no status effects
A: no striking features
a: no special abilities


You were on level 3 of the Dungeon.
You visited 1 branch of the dungeon, and saw 3 of its levels.

You collected 133 gold pieces.

Inventory:

Hand Weapons
 a - a +0 hand axe (weapon)
Armour
 b - a +0 robe
 d - a +0 pair of gloves (worn)
 h - a +0 chain mail (worn)
 j - a +0 hat (worn)
Scrolls
 e - a scroll of identify
 l - a scroll of magic mapping
Potions
 f - 3 potions of haste
 g - a potion of degeneration {unknown}
 i - a potion of heal wounds {unknown}
 k - a potion of ambrosia {unknown}


   Skills:
 + Level 6.4 Fighting
 - Level 4.0 Axes
 - Level 2.4 Dodging
 - Level 1.5 Stealth


You had 3 spell levels left.
You didn't know any spells.
Your spell library contained the following spells:

 Spells                   Type           Power      Damage    Failure   Level
 Sandblast                Erth           0%         2d4       100%        1
 Passwall                 Tmut/Erth      0%         N/A       100%        2
 Confusing Touch          Hex            0%         N/A       100%        3
 Gell's Gravitas          Tloc           0%         N/A       100%        3
 Stone Arrow              Conj/Erth      0%         3d7       100%        3
 Petrify                  Tmut/Erth      0%         N/A       100%        4
 Lee's Rapid Deconstruct  Erth           0%         3d5*      100%        5
 Metabolic Englaciation   Hex/Ice        0%         N/A       100%        5
 Yara's Violent Unravell  Hex/Tmut       0%         3d3       100%        5


Dungeon Overview and Level Annotations

Branches:
Dungeon (3/15)

Altars:


Message History

No target in view!
No target in view!
No target in view!
No target in view!
No target in view!
No target in view!
No target in view!
No target in view!
No target in view!
No target in view!
No target in view!
You start resting.
Something hits you but does no damage.
You start resting.
Something hits you. Something shocks you.
Something hits you but does no damage.
Things that are here:
a +0 dagger; a +0 hand axe; an orc corpse Something completely misses you.
You barely miss something.
A sky beast appears from thin air!
Reactivating autopickup.
The sky beast hits you but does no damage.
You barely miss the sky beast. The sky beast barely misses you.
You barely miss the sky beast.
The sky beast flickers out of sight!
Deactivating autopickup; reactivate with Ctrl-A.
Something hits you but does no damage.
You hit something but do no damage. Something hits you. Something shocks you.
There is a strange disturbance nearby!
You miss something. Something hits you but does no damage.
You miss something. Something hits you but does no damage.
You miss something. Something hits you.
* * * LOW HITPOINT WARNING * * *
Something shocks you.
* * * LOW HITPOINT WARNING * * *
Something hits you but does no damage.
You miss something.
A sky beast appears from thin air!
Reactivating autopickup.
The sky beast closely misses you.
You closely miss the sky beast. The sky beast hits you.
* * * LOW HITPOINT WARNING * * *
The sky beast shocks you.
You die...

###.## .....#
###.## #.# #.#
#.# #.#
#.##############
#.(..........)@#
##############Y#
.... ......#
###.#..# .....#
...... ##. .##


You could see a sky beast.

Vanquished Creatures
  3 adders (D:2)
  A worm (D:2)
  8 dart slugs
  5 orcs (D:3)
  3 giant cockroaches
  4 goblins
  2 hobgoblins
  7 jackals
  4 ball pythons
  3 bats
  A frilled lizard (D:1)
  4 kobolds
  3 rats
48 creatures vanquished.

Notes
Turn   | Place    | Note
-------+----------+-------------------------------------------
     0 | D:1      | Alarak the Hill Orc Monk began the quest for the Orb.
     0 | D:1      | Reached XP level 1. HP: 19/19 MP: 1/1
    58 | D:1      | Reached skill level 4 in Fighting
    63 | D:1      | Reached XP level 2. HP: 17/27 MP: 2/2
   811 | D:1      | Reached skill level 5 in Fighting
   811 | D:1      | Reached XP level 3. HP: 36/36 MP: 3/3
  1323 | D:2      | Reached XP level 4. HP: 5/44 MP: 4/4
  1325 | D:2      | HP: 2/44 [poisoned by an adder]
  1792 | D:2      | Reached skill level 6 in Fighting
  2088 | D:2      | HP: 1/44 [hobgoblin (4)]
  2652 | D:2      | Found a faded altar of an unknown god.
  3086 | D:3      | Noticed a sky beast
  3109 | D:3      | Slain by a sky beast

Illustrated notes

Levels and vault maps discovered:
D:1:      tarquinn_simple_flora_water_d, layout_basic, dk_noncrumbling_4,
          chequers_jeans, minmay_misc_feat_enclosed, minmay_misc_feat_chi,
          minmay_hedge_maze
D:2:      layout_loops_cross, shapermc_ecumenical_altar_totnotflames
D:3:      corexii_shack_village, layout_loops_ring

Skill      XL: |  1  2  3  4 |
---------------+-------------+-----
Fighting       | 4 5 6 |  6.4
Axes           | |  4.0
Dodging        | |  2.4
Stealth        | |  1.5

Action                   |  1- 3 |  4- 6 || total
-------------------------+-------+-------++-------
Melee: Hand axe          |    85 |    93 ||   178
  Use: Scroll            |       |     5 ||     5
 Stab: Sleeping          |     3 |     2 ||     5
Armor: Robe              |    32 |    13 ||    45
       Chain mail        |       |    15 ||    15
Dodge: Dodged            |    68 |    45 ||   113

Table legend: (Time is in decaauts)
 A = Elapsed time spent in this place.
 B = Non-inter-level travel time spent in this place.
 C = Inter-level travel time spent in this place.
 D = Time resting spent in this place.
 E = Time spent auto-exploring this place.
 F = Levels seen in this place.
 G = Mean time per level.
                   A        B        C        D        E       F      G
               +--------+--------+--------+--------+--------+-----+--------+
         Total |   3127 |   3020 |    107 |   1204 |   1428 |   3 | 1042.3 |
       Dungeon |   3127 |   3020 |    107 |   1204 |   1428 |   3 | 1042.3 |
               +--------+--------+--------+--------+--------+-----+--------+

Top non-repeatable levels by time:
     D:2: 1930 daAuts
     D:1: 1115 daAuts
     D:3: 81 daAuts
